 Dungeon Crawl Stone Soup version 0.30-a0-830-gfe289a77b0 (webtiles) character file.

Game seed: 9046629021748505564

81 Pimp the Insei (level 4, -4/31 HPs)
             Began as an Octopode Monk on Feb 28, 2023.
             Slain by a scorpion (6 damage)
             ... on level 4 of the Dungeon.
             The game lasted 00:03:50 (2159 turns).

Pimp the Insei (Octopode Monk)                      Turns: 2159, Time: 00:03:50

Health: -4/31      AC:  1    Str: 10    XL:     4   Next: 40%
Magic:  4/4        EV: 14    Int: 12    God:
Gold:   189        SH:  0    Dex: 16    Spells: 3/3 levels left

rFire   + . .      SeeInvis .      - Unarmed
rCold   + . .      Faith    .    (no shield)
rNeg    . . .      Spirit   .    (helmet restricted)
rPois   +          Reflect  .    (no amulet)
rElec   +          Harm     .    (no ring)
rCorr   +          Rampage  .    (no ring)
Will    .....                    (no ring)
Stlth   ++++                     (no ring)
HPRegen 0.25/turn                (no ring)
MPRegen 0.09/turn                (no ring)
                                 (no ring)
                                 (no ring)

@: lethally poisoned (-4 -> -7), resistant
A: almost no armour, amphibious, 8 rings, camouflage 1, gelatinous body 1,
(nimble swimmer 1), tentacles
a: no special abilities


You were on level 4 of the Dungeon.
You visited 1 branch of the dungeon, and saw 4 of its levels.

You collected 189 gold pieces.

Inventory:

Missiles
 p - 9 boomerangs (quivered)
Wands
 m - a wand of digging (4)
Scrolls
 d - a scroll of brand weapon {unknown}
 f - 2 scrolls of blinking
 g - a scroll of noise {unknown}
 i - a scroll of fog {unknown}
 l - 2 scrolls of enchant weapon {unknown}
 r - a scroll of poison {unknown}
 s - 2 scrolls of identify
Potions
 a - a potion of ambrosia
 b - a potion of resistance
 c - a potion of flight {unknown}
 e - a potion of magic {unknown}
 h - a potion of heal wounds {unknown}
 j - 2 potions of mutation {unknown}
 k - a potion of might {unknown}
 n - a potion of berserk rage {unknown}
 o - 2 potions of curing {unknown}
 q - a potion of attraction {unknown}
 t - a potion of invisibility {unknown}


   Skills:
 + Level 3.4 Fighting
 + Level 3.5 Dodging
 + Level 3.7 Stealth
 * Level 3.9 Unarmed Combat


You had 3 spell levels left.
You didn't know any spells.
Your spell library contained the following spells:

 Spells                   Type           Power      Damage    Failure   Level
 Sandblast                Erth           0%         2d4       32%         1
 Passwall                 Tmut/Erth      0%         N/A       45%         2
 Gell's Gravitas          Tloc           0%         N/A       69%         3
 Stone Arrow              Conj/Erth      0%         3d7       69%         3
 Teleport Other           Tloc           0%         N/A       69%         3
 Dispersal                Tloc           0%         N/A       100%        6


Dungeon Overview and Level Annotations

Branches:
Dungeon (4/15)
 Temple: D:4-7

Altars:
Gozag
Okawaru
Uskayaw

Shops:
D:2 (


Innate Abilities, Weirdness & Mutations

You cannot wear most types of armour.
You are amphibious.
You can wear up to eight rings at the same time.
Your skin changes colour to match your surroundings (Stealth+).
Your rubbery body absorbs attacks. (AC +1, EV +1)
((You are camouflaged when in or above water. (Stealth+)))
You have tentacles for arms and can constrict up to eight enemies at once.


Message History

Found 4 gold pieces, a chain mail and 3 stones.
There is a stone staircase leading up here.
Found an iron altar of Okawaru.
You now have 189 gold pieces (gained 4).
Found a plate armour.
A scorpion comes into view.
Found 7 gold pieces.
The helpless scorpion fails to defend itself.
You tentacle-slap the scorpion. You grab the scorpion.
You squeeze the scorpion, but do no damage.
The scorpion is lightly wounded.
You constrict the scorpion. The scorpion stings you.
You tentacle-slap the scorpion. x2
The scorpion is heavily wounded.
You constrict the scorpion. The scorpion stings you.
You are poisoned.
The scorpion poisons you!
You barely miss the scorpion.
The scorpion is heavily wounded.
You constrict the scorpion.
You feel very sick. The scorpion stings you.
You tentacle-slap the scorpion but do no damage.
The scorpion is heavily wounded.
You constrict the scorpion.
You feel sick. The scorpion misses you.
You tentacle-slap the scorpion but do no damage.
You squeeze the scorpion, but do no damage.
The scorpion is heavily wounded.
You constrict the scorpion.
You feel sick. The scorpion closely misses you.
You tentacle-slap the scorpion but do no damage.
The scorpion is severely wounded.
You constrict the scorpion, but do no damage.
You feel sick. The scorpion stings you!
* * * LOW HITPOINT WARNING * * *
It was a potion of resistance.
You feel protected.
You constrict the scorpion.
You feel sick. The scorpion stings you.
* * * LOW HITPOINT WARNING * * *
The scorpion stings you.
You die...

.......#.#######.
.#####.#.##.(.....[
... ...#.#.#######.
#...#.#..##
#._.#.#.## ...#$#.#
...#.#
.#####.#.#####.
......s@........
.#.###..........
##.######.. #.# #.#
#.# #.# #.#


You could see a scorpion.

Vanquished Creatures
  3 adders
  A worm (D:2)
  3 dart slugs
  An orc (D:3)
  3 endoplasms
  3 giant cockroaches
  2 hobgoblins (D:1)
  4 quokkas
  6 ball pythons
  6 bats
  6 frilled lizards
  3 goblins
  2 kobolds (D:1)
  3 rats
46 creatures vanquished.

Notes
Turn   | Place    | Note
-------+----------+-------------------------------------------
     0 | D:1      | Pimp the Octopode Monk began the quest for the Orb.
     0 | D:1      | Reached XP level 1. HP: 16/16 MP: 1/1
   161 | D:1      | Reached XP level 2. HP: 21/21 MP: 2/2
   601 | D:2      | Found Mileva's Antique Weapon Boutique.
   619 | D:2      | Reached XP level 3. HP: 26/26 MP: 3/3
  1341 | D:3      | Found a hide-covered altar of Uskayaw.
  1395 | D:3      | Reached XP level 4. HP: 31/31 MP: 4/4
  1591 | D:3      | Found an opulent altar of Gozag.
  2139 | D:4      | Found an iron altar of Okawaru.
  2151 | D:4      | Noticed a scorpion
  2159 | D:4      | Slain by a scorpion

Illustrated notes

Levels and vault maps discovered:
D:1:      minmay_arrival_hallway, layout_loops_ring, serial_bayou_pond_e
D:2:      layout_rooms, serial_curves, eino_curves_04, eino_curves_01,
          eino_curves_02, serial_shops, nicolae_shop_waterfront,
          kennysheep_another_room, corexii_leaking_fountain,
          kennysheep_cluttered_room, minmay_tiny_reverse_x
D:3:      layout_basic, mainiacjoe_overflow_boulevard, overflow_temple_1_default
D:4:      layout_loops_ring, mainiacjoe_overflow_cross_hatched, serial_shops,
          nicolae_shop_bloodbath_and_beyond, uniq_edmund

Skill      XL: |  1 |
---------------+----+-----
Stealth        | 3 |  3.7
Fighting       | |  3.4
Dodging        | |  3.5
Unarmed Combat | |  3.9

Action                     |  1- 3 |  4- 6 || total
---------------------------+-------+-------++-------
  Melee: Unarmed           |    64 |    15 ||    79
         Constrict         |    17 |     3 ||    20
         Tentacles         |    13 |     3 ||    16
         Punch             |     1 |     1 ||     2
    Use: Scroll            |     2 |       ||     2
         Potion            |       |     1 ||     1
   Stab: Sleeping          |    17 |     6 ||    23
 Armour: Skin              |     1 |     1 ||     2
  Dodge: Dodged            |    36 |     4 ||    40

Table legend: (Time is in decaauts)
 A = Elapsed time spent in this place.
 B = Non-inter-level travel time spent in this place.
 C = Inter-level travel time spent in this place.
 D = Time resting spent in this place.
 E = Time spent auto-exploring this place.
 F = Levels seen in this place.
 G = Mean time per level.
                   A        B        C        D        E       F      G
               +--------+--------+--------+--------+--------+-----+--------+
         Total |   2153 |   2005 |    148 |      0 |   1592 |   4 |  538.2 |
       Dungeon |   2153 |   2005 |    148 |      0 |   1592 |   4 |  538.2 |
               +--------+--------+--------+--------+--------+-----+--------+

Top non-repeatable levels by time:
     D:3: 815 daAuts
     D:2: 716 daAuts
     D:1: 599 daAuts
     D:4: 21 daAuts
